AoeStats
← 六百公斤大肥豬

Arena

509903066Analyzed
4v4 RM · 5d ago on Sep 28, 2026· 61m 35s· 8 players
Game mode
Random Map
Map size
Large (8 player)
Population
200
Speed
Normal
Resources
Standard
Victory
Conquest
Starting age
Dark Age
Ending age
Imperial Age
RankedLock teamsTeams togetherTeam positionsShared explorationLock speedFull tech treeHidden civsTurbo modeCheats
Victory
Defeat
🇨🇭 Lithuanians · Switzerland
1453
+11
🇪🇸 Byzantines · Spain
1361
+14
🇦🇷 Malay · Argentina
1353
+15
🇭🇰 Varangians · Hong Kong SAR China
1320
+16
🇨🇳 Slavs · China
1428
-18
🇭🇰 Britons · Hong Kong SAR China
1302
-13
🇭🇰 Portuguese · Hong Kong SAR China
1302
-13
🇭🇰 Danes · Hong Kong SAR China
1273
-12
Álvaro de Bazán
10:00 Feudal Age
11:16 Double-Bit Axe
14:24 Castle Age
12:49 Horse Collar
15:28 Bow Saw
15:06 Loom
17:46 Heavy Plow
21:15 Wheelbarrow
22:43 Caravan
24:20 Elite Skirmisher
27:38 Imperial Age
25:02 Fletching
26:15 Bodkin Arrow
27:15 Padded Archer Armor
27:18 Squires
27:40 Ballistics
27:14 Stone Mining
27:15 Gold Mining
30:05 Chemistry
28:57 Capped Ram
30:38 Leather Archer Armor
31:10 Bracer
34:17 Ring Archer Armor
34:12 Conscription
39:17 Bombard Tower
39:38 Light Cavalry
40:25 Scale Barding Armor
40:31 Forging
40:39 Guard Tower
40:34 Arrowslits
58:10 Gold Shaft Mining
58:31 Greek Fire
59:41 Treadmill Crane
61:59 Thumb Ring
CrisTheOne
11:18 Feudal Age
15:04 Castle Age
14:04 Double-Bit Axe
16:22 Gold Mining
21:48 Loom
26:28 Imperial Age
24:35 Forging
26:30 Iron Casting
25:49 Fletching
28:35 Bow Saw
29:16 Conscription
30:14 Iron Casting
31:22 Gold Shaft Mining
33:38 Blast Furnace
38:40 Wheelbarrow
43:06 Elite Karambit Warrior
50:07 Caravan
53:07 Forced Levy
53:48 Man-at-Arms
54:28 Squires
54:37 Arson
54:24 Long Swordsman
55:14 Two-Handed Swordsman
Zlap
11:01 Feudal Age
12:03 Horse Collar
14:38 Castle Age
13:11 Double-Bit Axe
17:06 Bow Saw
18:11 Fervor
21:24 Sanctity
21:21 Heavy Plow
21:59 Wheelbarrow
23:42 Hand Cart
23:51 Loom
23:59 Gold Mining
23:59 Stone Mining
28:45 Imperial Age
26:00 Town Watch
26:21 Scale Barding Armor
26:27 Forging
27:21 Stone Shaft Mining
26:29 Treadmill Crane
27:51 Chain Barding Armor
29:33 Iron Casting
29:42 Husbandry
29:52 Bloodlines
30:24 Plate Barding Armor
30:52 Two-Man Saw
30:24 Crop Rotation
30:53 Conscription
30:33 Elite Leitis
31:07 Fletching
32:42 Hoardings
32:30 Ballistics
33:16 Bodkin Arrow
33:33 Masonry
34:27 Bracer
38:36 Chemistry
37:55 Murder Holes
39:48 Town Patrol
39:51 Hill Forts
40:22 Architecture
41:46 Guilds
41:38 Caravan
45:41 Coinage
47:21 Tower Shields
47:57 Banking
50:09 Bombard Tower
50:00 Fortified Wall
六百公斤大肥豬
10:33 Feudal Age
14:38 Castle Age
12:43 Double-Bit Axe
13:10 Horse Collar
15:30 Bow Saw
22:20 Loom
23:11 Wheelbarrow
28:42 Imperial Age
26:36 Scale Mail Armor
26:46 Forging
26:31 Gold Mining
26:32 Stone Mining
27:30 Squires
27:16 Arson
27:48 Chain Mail Armor
27:21 Treadmill Crane
28:15 Devotion
28:27 Heavy Plow
28:33 Gambesons
29:58 Plate Mail Armor
30:04 Iron Casting
29:08 Elite Varangian Guard
31:46 Hand Cart
31:17 Town Watch
31:05 Capped Ram
32:34 Conscription
32:28 Siege Ram
36:06 Gothikon
41:48 Scale Barding Armor
42:44 Blast Furnace
43:50 Two-Man Saw
43:07 Bloodlines
42:58 Husbandry
42:18 Light Cavalry
42:44 Light Cavalry
43:25 Hussar
44:50 Chain Barding Armor
46:06 Plate Barding Armor
59:48 Stone Shaft Mining
61:53 Town Patrol
bbhin
10:48 Feudal Age
14:25 Castle Age
12:11 Double-Bit Axe
15:21 Bow Saw
15:13 Horse Collar
19:11 Wheelbarrow
18:55 Loom
20:40 Fletching
21:05 Gold Mining
23:10 Bodkin Arrow
26:54 Gold Shaft Mining
30:02 Imperial Age
27:11 Crossbowman
28:41 Padded Archer Armor
28:40 Stone Mining
31:06 Conscription
30:51 Bracer
30:13 Arbalester
32:00 Chemistry
31:27 Ballistics
32:56 Hand Cart
33:13 Hand Cart
33:41 Leather Archer Armor
34:01 Caravan
35:12 Town Watch
36:58 Conscription
36:59 Yeomen
37:27 Scale Mail Armor
37:37 Forging
37:58 Ring Archer Armor
37:26 Pikeman
38:07 Squires
37:53 Arson
38:54 Chain Mail Armor
38:02 Halberdier
Hung Kaho
10:37 Feudal Age
14:28 Castle Age
12:20 Double-Bit Axe
15:20 Bow Saw
21:03 Horse Collar
22:08 Heavy Plow
23:19 Gold Mining
27:22 Imperial Age
26:26 Stone Mining
27:33 Treadmill Crane
29:07 Chemistry
28:45 Wheelbarrow
27:44 Crossbowman
28:31 Thumb Ring
28:36 Arbalester
30:34 Two-Man Saw
30:26 Fletching
30:37 Padded Archer Armor
31:28 Conscription
31:44 Bodkin Arrow
32:04 Leather Archer Armor
32:22 Arquebus
34:04 Hand Cart
38:03 Circumnavigation
40:35 Bombard Tower
40:35 Ballistics
49:09 Guard Tower
49:15 Murder Holes
49:26 Siege Engineers
56:52 Light Cavalry
57:42 Bloodlines
57:49 Scale Barding Armor
57:55 Forging
61:29 Chain Barding Armor
61:45 Iron Casting
MaGicPK
10:29 Feudal Age
14:02 Castle Age
11:54 Double-Bit Axe
12:11 Horse Collar
14:52 Bow Saw
20:01 Wheelbarrow
19:12 Loom
21:20 Gold Mining
21:36 Heavy Plow
21:59 Stone Mining
24:27 Hand Cart
28:09 Imperial Age
25:26 Town Watch
27:04 Arson
27:20 Squires
27:22 Scale Mail Armor
28:07 Gold Shaft Mining
27:42 Gambesons
30:04 Chain Mail Armor
30:00 Forging
29:34 Elite Varangian Guard
32:12 Iron Casting
32:15 Fletching
32:57 Plate Mail Armor
32:30 Town Patrol
34:38 Conscription
34:24 Elite Jomsviking
35:24 Hamask
37:46 Pikeman
38:51 Halberdier
40:11 Onager
41:02 Caravan
42:04 Blast Furnace
47:02 Bodkin Arrow
48:15 Bracer
48:45 Northmen's Fury
knife
10:10 Feudal Age
14:34 Castle Age
12:48 Horse Collar
13:30 Double-Bit Axe
15:36 Bow Saw
17:00 Heavy Plow
20:29 Wheelbarrow
21:26 Gold Mining
21:27 Stone Mining
24:31 Gold Shaft Mining
27:37 Imperial Age
25:24 Hand Cart
27:11 Scale Mail Armor
27:22 Forging
27:22 Loom
27:10 Man-at-Arms
27:50 Squires
28:26 Chain Mail Armor
28:25 Long Swordsman
29:08 Druzhina
29:28 Conscription
29:45 Plate Mail Armor
29:51 Iron Casting
29:48 Town Watch
31:04 Two-Man Saw
30:21 Two-Handed Swordsman
32:14 Blast Furnace
31:06 Champion
39:19 Coinage
42:11 Caravan
42:42 Banking
44:41 Elite Boyar
46:28 Pikeman
47:03 Capped Ram
48:44 Scale Barding Armor
48:10 Halberdier
49:54 Chain Barding Armor
50:31 Bloodlines
50:21 Husbandry
52:19 Plate Barding Armor
56:00 Masonry
55:44 Siege Ram
Connection lost

Rejoining the realm…

Still unreachable

The connection could not be restored.

Session expired

The server has moved on; the page needs a fresh start.